 Dungeon Sprint DCSS version 0.29.1-15-g9cfb28693d (webtiles) character file.

Game seed: 15514610501152259682

0 Ast3rio the Poker (level 1, 0/16 HPs)
             Began as a Demonspawn Gladiator on Mar 15, 2023.
             Was an Initiate of Gozag.
             Slain by Pikel
             ... wielding a +1 whip of flaming
              (5 damage)
             ... in the Dungeon (Sprint VI: "Thunderdome").
             The game lasted 00:00:19 (49 turns).

Ast3rio the Poker (Demonspawn Gladiator)              Turns: 49, Time: 00:00:19

Health: 0/16       AC:  4    Str: 14    XL:     1   Next: 16%
Magic:  1/1        EV: 12    Int:  9    God:    Gozag
Gold:   200        SH:  0    Dex: 14    Spells: 0/0 levels left

rFire   . . .      SeeInvis .   a - +0 trident
rCold   . . .      Faith    .   (no shield)
rNeg    . . .      Spirit   .   b - +0 leather armour
rPois   .          Reflect  .   c - +0 helmet
rElec   .          Harm     .   (no cloak)
rCorr   .          Rampage  .   (no gloves)
Will    .....      NoTele   +   (no boots)
Stlth   +.........              (no amulet)
HPRegen 0.05/turn               (no ring)
MPRegen 0.07/turn               (no ring)

@: gold aura
A: no striking features
a: Renounce Religion, Potion Petition, Call Merchant, Bribe Branch


You were in the Dungeon.
You worshipped Gozag.
Gozag was aware of your devotion.
You visited 1 branch You collected 200 gold pieces.

Inventory:

Hand Weapons
 a - a +0 trident (weapon)
Missiles
 d - 3 throwing nets (quivered)
 e - a javelin
Armour
 b - a +0 leather armour (worn)
 c - a +0 helmet (worn)
Wands
 m - a wand of light (5)
 n - a wand of roots (5)
Scrolls
 k - 4 scrolls of blinking
 o - 3 scrolls of fog
Potions
 f - a potion of curing
 g - 4 potions of heal wounds
 h - 4 potions of haste
 i - 2 potions of magic
 j - a potion of berserk rage
 l - a potion of resistance


   Skills:
 + Level 2.1 Fighting
 + Level 3.0 Polearms
 + Level 1.8 Throwing
 + Level 2.9 Dodging


You couldn't memorise any spells.
You didn't know any spells.
Your spell library was empty.

Dungeon Overview and Level Annotations

Branches:
Dungeon (1/1)

Altars:
Cheibriados
Dithmenos
Fedhas
Gozag
Kikubaaqudgha
Makhleb
Okawaru
Qazlal
Ru
Sif Muna
Trog
Uskayaw
Vehumet
Wu Jian
Xom
Yredelemnul
Lugonu

Shops:
D *[??*?*:[((!!!!

Annotations:
D Pikel


Message History

Found an ornate altar of the Wu Jian Council.
Found Luudoyts's Weapon Rack and Femysone's Premium Goods.
Found a snail-covered altar of Cheibriados and a blossoming altar of Fedhas.
Found Plog's Basic Armour and Jiacoipa's Miscellaneous Merchandise.
Found Eloerich's Do-It-Yourself Clinic and Tefojios's Bottled Wisdom.
Found Koehukoz's Distillery.
Found Nolidd's Distillery.
Found three altars.
Found an opulent altar of Gozag.
Found a sacrificial altar of Ru.
Found Xegokh's Staff Store.
Found Etseogi's Must-Have Magic and Inaikis's Magic Scroll Shop.
There is an opulent altar of Gozag here.
You kneel at the altar of Gozag.
Gozag welcomes you!
Gozag waives the service fee.
Found Uppuixt's Magic Scroll Shop.
Found a shadowy altar of Dithmenos and a shimmering blue altar of Sif Muna.
Found a basalt altar of Yredelemnul.
Found a stormy altar of Qazlal.
Found a hide-covered altar of Uskayaw.
A hobgoblin comes into view.
Found Toqo's Identification Station.
Found three altars.
Pikel, Merchant of Souls comes into view.
He is wielding a +1 whip of flaming.
Found Qulip's Jewellery and Ziji's Advanced Armour.
Pikel shouts!
You hit the hobgoblin.
The hobgoblin is almost dead.
The hobgoblin barely misses you.
You hit the hobgoblin.
You kill the hobgoblin!
Your Polearms skill increases to level 3!
You see here 72 gold pieces.
Pikel hits you with a +1 whip of flaming.
Pikel burns you.
Pikel hits you with a +1 whip of flaming.
Pikel burns you.
You closely miss Pikel.
Pikel hits you with a +1 whip of flaming.
You die...
Your body crumbles into a pile of gold.

#_......._#
###.........###
#⌠...........⌠#
######.8.........8.#####
#.___......###......___∩
∩........8.# #.8........
...........###..........
.......$###...###.......
......K@# #.<.# #.......
........# #...###.......
...........###..........
∩........8.# #.8........
#∩___......###......__.∩
######.8.........8.#####
#⌠...........⌠#
###.........###
_......._#


You could see Pikel.

Vanquished Creatures
  A hobgoblin (D)
1 creature vanquished.

Notes
Turn   | Place    | Note
-------+----------+-------------------------------------------
     0 | D        | Ast3rio the Demonspawn Gladiator began the quest for the
                  | Orb.
     0 | D        | Reached XP level 1. HP: 16/16 MP: 1/1
     4 | D        | Found a bloodstained altar of Trog.
     5 | D        | Found a shimmering altar of Xom.
     5 | D        | Round 1.
     6 | D        | Found an ornate altar of the Wu Jian Council.
     7 | D        | Found a snail-covered altar of Cheibriados.
     7 | D        | Found a blossoming altar of Fedhas.
     7 | D        | Found Luudoyts's Weapon Rack.
     7 | D        | Found Femysone's Premium Goods.
     8 | D        | Found Plog's Basic Armour.
     8 | D        | Found Jiacoipa's Miscellaneous Merchandise.
    13 | D        | Found Eloerich's Do-It-Yourself Clinic.
    13 | D        | Found Tefojios's Bottled Wisdom.
    14 | D        | Found Koehukoz's Distillery.
    15 | D        | Found a radiant altar of Vehumet.
    15 | D        | Found an iron altar of Okawaru.
    15 | D        | Found Nolidd's Distillery.
    19 | D        | Found an opulent altar of Gozag.
    21 | D        | Found a sacrificial altar of Ru.
    22 | D        | Found Xegokh's Staff Store.
    23 | D        | Found Etseogi's Must-Have Magic.
    23 | D        | Found Inaikis's Magic Scroll Shop.
    27 | D        | Became a worshipper of Gozag Ym Sagoz the Greedy
    28 | D        | Found a shadowy altar of Dithmenos.
    28 | D        | Found a shimmering blue altar of Sif Muna.
    28 | D        | Found Uppuixt's Magic Scroll Shop.
    35 | D        | Found a basalt altar of Yredelemnul.
    36 | D        | Found a stormy altar of Qazlal.
    37 | D        | Found a hide-covered altar of Uskayaw.
    40 | D        | Found a burning altar of Makhleb.
    40 | D        | Found a corrupted altar of Lugonu.
    40 | D        | Found an ancient bone altar of Kikubaaqudgha.
    40 | D        | Found Toqo's Identification Station.
    41 | D        | Found Qulip's Jewellery.
    41 | D        | Found Ziji's Advanced Armour.
    41 | D        | Noticed Pikel
    45 | D        | Reached skill level 3 in Polearms
    49 | D        | Slain by Pikel

Illustrated notes

Levels and vault maps discovered:
D:        arena_sprint

Skill      XL: |  1 |
---------------+----+-----
Polearms       | 3 |  3.0
Fighting       | |  2.1
Throwing       | |  1.8
Dodging        | |  2.9

Action                   || total
-------------------------++-------
Melee: Trident           ||     3
Dodge: Dodged            ||     1
